 Dungeon Crawl Stone Soup version 0.20.1-1-g8b1a95d (webtiles) character file.

438 dvd the Magician (level 6, -2/32 HPs)
             Began as a Deep Elf Fire Elementalist on Aug 30, 2017.
             Slain by a worker ant (4 damage)
             ... on level 4 of the Dungeon.
             The game lasted 00:10:20 (3770 turns).

dvd the Magician (Deep Elf Fire Elementalist)       Turns: 3770, Time: 00:10:20

Health: -2/32      AC:  7    Str:  5    XL:     6   Next: 69%
Magic:  7/26       EV:  9    Int: 22    God:
Gold:   91         SH:  0    Dex: 15    Spells: 10/17 levels left

rFire    . . .     SeeInvis .   q - +2 dagger (pain)
rCold    . . .     Gourm    .   (no shield)
rNeg     . . .     Faith    .   u - +2 leather armour {rPois}
rPois    +         Spirit   .   l - +0 helmet
rElec    .         Reflect  .   j - +0 cloak
rCorr    .         Harm     .   (no gloves)
MR       .....                  (no boots)
Stlth    ++........             (no amulet)
Regen    0.1/turn               f - -3 ring of evasion (curse)
MPRegen  0.2/turn               p - ring of magical power

@: very slightly contaminated
A: no striking features
a: no special abilities


You were on level 4 of the Dungeon.
You were hungry.

You visited 1 branch of the dungeon, and saw 4 of its levels.

You collected 91 gold pieces.

Inventory:

Hand Weapons
 q - a +2 dagger of pain (weapon)
 v - a +0 rapier
Armour
 j - a +0 cloak (worn)
 l - a +0 helmet (worn)
 u - a +2 leather armour of poison resistance (worn)
Jewellery
 f - a cursed -3 ring of evasion (left hand)
 p - a ring of magical power (right hand)
Scrolls
 g - a scroll of identify
 m - a scroll of teleportation
Potions
 d - a potion of mutation
 e - a potion of degeneration {unknown}
 i - a potion of lignification {unknown}
 n - 2 potions of curing {unknown}
 r - a potion of heal wounds {unknown}
Books
 b - a book of Flames

   Spells                             Type                      Level
   a - Flame Tongue                   Conjuration/Fire             1
   b - Throw Flame                    Conjuration/Fire             2
   c - Conjure Flame                  Conjuration/Fire             3
   d - Inner Flame                    Hexes/Fire                   3
   e - Sticky Flame                   Conjuration/Fire             4
   f - Fireball                       Conjuration/Fire             5
Comestibles
 a - a chunk of flesh
 c - 3 bread rations
 k - 2 royal jellies
 s - 3 fruits


   Skills:
 + Level 0.2 Fighting
 + Level 0.1 Armour
 + Level 2.9 Dodging
 + Level 2.9 Stealth
 + Level 6.0 Spellcasting
 + Level 3.2 Conjurations
 + Level 5.8 Fire Magic


You had 10 spell levels left.
You knew the following spells:

 Your Spells              Type           Power        Failure   Level  Hunger
a - Flame Tongue          Conj/Fire      ####.        2%          1    None
b - Throw Flame           Conj/Fire      ####..       3%          2    None
c - Sticky Flame          Conj/Fire      ####....     24%         4    ###....


Dungeon Overview and Level Annotations

Branches:
Dungeon (4/15)
 Temple: D:4-7

Altars:
Xom
Zin


Message History

Confirm with . or Enter, or press ? or * to list all spells.
Aiming: Sticky Flame
Press: ? - help, Shift-Dir - straight line, f/p - worker ant
Aim: a worker ant (severely wounded)
You miscast Sticky Flame.
Energy rips through your body!
Ouch! That really hurt!
* * * LOW HITPOINT WARNING * * *
The worker ant bites you.
* * * LOW HITPOINT WARNING * * *
The worker ant barely misses you.
Unknown command.
Casting: Sticky Flame
Confirm with . or Enter, or press ? or * to list all spells.
Aiming: Flame Tongue
Press: ? - help, Shift-Dir - straight line, f/p - worker ant
Aim: a worker ant (severely wounded)
The flame tongue hits the worker ant.
The worker ant is almost dead.
The worker ant bites you.
You die...

#.#######
#alW....#
#######.#
#.# #.#
#.# #.#
#a# #@#
#.# #.#
###


You could see a worker ant.

Vanquished Creatures
  The ghost of ThereIsNoGod the Digger, an amateur OpEE (D:4)
  An orc priest (D:3)
  An orc wizard (D:3)
  Natasha (twice) (D:2)
  Robin (D:2)
  A worker ant zombie (D:2)
  4 adders
  4 gnolls (D:2)
  2 oozes
  3 worms (D:2)
  3 leopard geckos
  8 orcs (D:3)
  A ball python (D:2)
  A bat skeleton (D:2)
  5 giant cockroaches (D:1)
  16 goblins
  8 hobgoblins
  4 jackals
  7 kobolds
  A quokka (D:3)
  7 bats
  4 frilled lizards
  A giant cockroach zombie (D:2)
  A leopard gecko zombie (D:2)
  A quokka skeleton (D:2)
  8 rats
96 creatures vanquished.

Notes
Turn   | Place    | Note
-------+----------+-------------------------------------------
     0 | D:1      | dvd the Deep Elf Fire Elementalist began the quest for the Orb.
     0 | D:1      | Reached XP level 1. HP: 10/10 MP: 6/6
   334 | D:1      | Reached XP level 2. HP: 15/15 MP: 5/8
   338 | D:1      | Learned a level 2 spell: Throw Flame
   849 | D:1      | Reached XP level 3. HP: 19/19 MP: 6/10
  1161 | D:2      | Found a shimmering altar of Xom.
  1161 | D:2      | Found a glowing silver altar of Zin.
  1161 | D:2      | Noticed an angel
  1171 | D:2      | Noticed Robin
  1461 | D:2      | Killed Robin
  1534 | D:2      | Reached XP level 4. HP: 12/24 MP: 4/11
  1579 | D:2      | Reached skill level 4 in Spellcasting
  2109 | D:2      | Learned a level 4 spell: Sticky Flame
  2122 | D:2      | Noticed Natasha
  2139 | D:2      | Killed Natasha
  2139 | D:2      | Reached XP level 5. HP: 18/28 MP: 10/14
  2449 | D:2      | Noticed Natasha
  2451 | D:2      | Found a faded altar of an unknown god.
  2464 | D:2      | Killed Natasha
  2464 | D:2      | Reached skill level 5 in Spellcasting
  2582 | D:2      | Reached skill level 5 in Fire Magic
  3531 | D:3      | Reached XP level 6. HP: 14/32 MP: 11/16
  3745 | D:4      | Noticed ThereIsNoGod's ghost (amateur OpEE)
  3764 | D:4      | Killed ThereIsNoGod's ghost
  3764 | D:4      | Reached skill level 6 in Spellcasting
  3770 | D:4      | Slain by a worker ant

Skill      XL: |  1  2  3  4  5  6 |
---------------+-------------------+-----
Fire Magic     | 4 5 |  5.8
Spellcasting   | 4 5 6 |  6.0
Conjurations   | 2 3 |  3.2
Fighting       | |  0.2
Armour         | |  0.1
Dodging        | |  2.9
Stealth        | |  2.9

Action                   |  1- 3 |  4- 6 || total
-------------------------+-------+-------++-------
 Cast: Flame Tongue      |    67 |    91 ||   158
       Throw Flame       |     5 |    27 ||    32
       Sticky Flame      |       |     4 ||     4
  Use: Scroll            |       |     4 ||     4
  Eat: Chunk             |     1 |     8 ||     9
Armor: Robe              |     4 |    13 ||    17
       Leather armour    |       |     4 ||     4
Dodge: Dodged            |    19 |    24 ||    43
